 Dungeon Crawl Stone Soup version 0.31-a0-231-g51bb95cda3 (webtiles) character file.

Game seed: 12168386299970619574

51 qw the Shooter (level 3, -2/29 HPs)
             Began as a Minotaur Hexslinger on July 6, 2023.
             Slain by an orc priest
             ... wielding a +0 falchion
              (5 damage)
             ... on level 3 of the Dungeon.
             The game lasted 00:00:29 (1793 turns).

qw the Shooter (Minotaur Hexslinger)                Turns: 1793, Time: 00:00:30

Health: -2/29      AC:  5    Str: 12    XL:     3   Next: 57%
Magic:  3/3        EV: 11    Int: 10    God:
Gold:   55         SH:  0    Dex: 23    Spells: 3/4 levels left

rFire   . . .        Y - +1 sling
rCold   . . .        (no shield)
rNeg    . . .        f - +0 ring mail
rPois   .            (helmet restricted)
rElec   .            (no cloak)
rCorr   .            (no gloves)
SInv    .            (no boots)
Will    .....        (no amulet)
Stlth   +            i - +6 ring of dexterity
HPRegen 0.24/turn    j - +3 ring of dexterity
MPRegen 0.08/turn

%: no passive effects
@: no status effects
A: horns 2, retaliatory headbutt
a: no special abilities


You were on level 3 of the Dungeon.
You visited 1 branch of the dungeon, and saw 3 of its levels.

You collected 175 gold pieces.
You spent 120 gold pieces at shops.


Innate Abilities, Weirdness & Mutations

You have a pair of horns on your head.
You reflexively headbutt those who attack you in melee.


   Skills:
 - Level 2.0 Fighting
 - Level 4.0 Ranged Weapons
 + Level 0.8 Armour
 - Level 2.1 Dodging
 - Level 1.0 Spellcasting
 - Level 2.0 Hexes


You had 3 spell levels left.
You knew the following spells:

 Your Spells              Type           Power      Damage    Failure   Level
a - Slow                  Hex            16%        N/A       34%         1

Your spell library contained the following spells:

 Spells                   Type           Power      Damage    Failure   Level
 Inner Flame              Hex/Fire       2%         N/A       83%         3
 Portal Projectile        Hex/Tloc       4%         N/A       83%         3
 Cause Fear               Hex            2%         N/A       98%         4

Inventory:

Hand Weapons
 Y - a +1 sling (weapon)
Armour
 f - a +0 ring mail (worn)
Jewellery
 i - a +6 ring of dexterity (left hand)
 j - a +3 ring of dexterity (right hand)
Scrolls
 g - 2 scrolls of identify
Potions
 a - a potion of haste {unknown}
 b - a potion of curing {unknown}
 c - a potion of might {unknown}
 d - a potion of heal wounds {unknown}
 e - a potion of enlightenment {unknown}

Dungeon Overview and Level Annotations

Branches:
Dungeon (3/15)

Altars:
Vehumet

Shops:
D:2 =


Message History

You shoot a sling bullet.
The sling bullet hits the orc but does no damage.
The orc closely misses you.
You shoot a sling bullet.
The sling bullet hits the orc but does no damage.
The orc hits you with a +0 falchion.
You shoot a sling bullet. The sling bullet hits the orc!
You kill the orc!
You shoot a sling bullet. The sling bullet hits the orc.
The orc is lightly wounded.
You shoot a sling bullet.
The sling bullet hits the orc but does no damage.
The orc is lightly wounded.
The orc hits you with a +0 falchion.
The orc priest looks braver for a moment.
The orc hits you but does no damage.
You shoot a sling bullet.
The sling bullet hits the orc but does no damage.
The orc is lightly wounded.
The orc priest hits you with a +0 falchion!
The orc closely misses you.
You shoot a sling bullet.
The sling bullet hits the orc but does no damage.
The orc is lightly wounded.
The orc priest hits you but does no damage.
The orc barely misses you.
You shoot a sling bullet. The sling bullet hits the orc.
The orc is severely wounded.
The orc priest closely misses you. The orc hits you with a +0 falchion.
The orc barely misses you. You furiously retaliate!
You headbutt the orc.
The orc priest mumbles some strange prayers to Beogh against you.
Pain shoots through your body!
You shoot a sling bullet. The sling bullet hits the orc.
You kill the orc!
The orc priest mumbles some strange prayers to Beogh against you.
Beogh smites you!
You shoot a sling bullet. The sling bullet hits the orc priest!
The orc priest is heavily wounded.
The orc priest hits you with a +0 falchion.
You die...

#..#....##.# #.#
##.##....#.###.#
..##...#..##.#
.###....##.#
...####.##.#
#......##.#########
####..........<....
#######.....###
#)@......+
#o##.....# #)
#.....# #. #.....#
#. ####### #. #. ##


You could see an orc priest.

Vanquished Creatures
  2 adders
  2 orcs (D:3)
  2 bats
  5 endoplasms
  A hobgoblin (D:1)
  2 quokkas
  4 ball pythons
  5 frilled lizards
  3 goblins (D:1)
  4 kobolds
  2 rats
32 creatures vanquished.

Notes
Turn   | Place    | Note
-------+----------+-------------------------------------------
     0 | D:1      | qw the Minotaur Hexslinger began the quest for the Orb.
     0 | D:1      | Reached XP level 1. HP: 16/16 MP: 1/1
     0 | D:1      | 0 ||| qw: Version: 0.3-a-46-gb1f654a
     0 | D:1      | 0 ||| qw: Game counter: 1829
     0 | D:1      | 0 ||| qw: Melee chars always use a shield: true
     0 | D:1      | 0 ||| qw: God list: Okawaru
     0 | D:1      | 0 ||| qw: Allow faded altars: false
     0 | D:1      | 0 ||| qw: Do Orc after clearing Dungeon:15 true
     0 | D:1      | 0 ||| qw: Do second Lair branch before Depths: true
     0 | D:1      | 0 ||| qw: Lair rune preference: random
     0 | D:1      | 0 ||| qw: Goals: Normal
     0 | D:1      | 0 ||| PLANNING D:1-11
   209 | D:1      | Reached skill level 3 in Ranged Weapons
   209 | D:1      | 209 ||| UPGRADING to +0 leather armour.
   220 | D:1      | Reached XP level 2. HP: 15/23 MP: 2/2
   253 | D:1      | 253 ||| DROPPING +0 robe.
   676 | D:1      | 676 ||| READING scroll labelled GYASERGHUINAY.
   677 | D:1      | 677 ||| READING scroll labelled MATZAI XOMPYG.
   681 | D:1      | 681 ||| DROPPING scroll of poison.
   823 | D:2      | HP: 6/24 [poisoned by a kobold]
   826 | D:2      | HP: 2/24 [poisoned by a kobold]
   978 | D:2      | Reached XP level 3. HP: 29/29 MP: 3/3
  1277 | D:2      | Found a radiant altar of Vehumet.
  1316 | D:2      | Found Veampua's One-of-a-Kind Rings.
  1323 | D:2      | 1323 ||| BUYING +3 ring of dexterity (120 gold).
  1323 | D:2      | Bought a +3 ring of dexterity for 120 gold pieces
  1323 | D:2      | 1323 ||| SHOPLISTING +6 ring of evasion (540 gold, have
                  | 28).
  1323 | D:2      | 1323 ||| SHOPLISTING ring of Lalaent {Fire rPois Int+3
                  | Dex+4 Stlth+} (644 gold, have 28).
  1323 | D:2      | 1323 ||| SHOPLISTING ring of the Leaf {rPois Int+3} (399
                  | gold, have 28).
  1504 | D:2      | 1504 ||| UPGRADING to +0 ring mail.
  1514 | D:2      | 1514 ||| DROPPING +0 leather armour.
  1515 | D:2      | 1515 ||| UPGRADING to +6 ring of dexterity.
  1516 | D:2      | 1516 ||| UPGRADING to +3 ring of dexterity.
  1517 | D:2      | 1517 ||| READING scroll labelled TUURUAJA MYGUN.
  1518 | D:2      | 1518 ||| READING scroll labelled OMIUZAS WYMIQ.
  1720 | D:3      | Reached skill level 4 in Ranged Weapons
  1792 | D:3      | HP: 3/29 [orc priest/divine providence (8)]
  1793 | D:3      | Slain by an orc priest

Levels and vault maps discovered:
D:1:      spicycebolla_arrival_xxxplode, layout_basic, serial_bayou_ford_a
D:2:      layout_basic, basic_altar, nicolae_shop_unique_rings
D:3:      minmay_evil_eye, layout_basic

Skill      XL: |  1  2  3 |
---------------+----------+-----
Ranged Weapons | 3 4 |  4.0
Fighting       | 2 |  2.0
Armour         | |  0.8
Dodging        | |  2.1
Spellcasting   | |  1.0
Hexes          | |  2.0

Action                     || total
---------------------------++-------
   Fire: Sling             ||    96
    Use: Scroll            ||     4
 Armour: Leather armour    ||     2
         Ring mail         ||     7
  Dodge: Dodged            ||    35

Table legend:
 A = Non-vault XP
 B = Vault XP
 C = Vault XP percentage of total XP
 D = Non-vault monster count
 E = Vault monster count
 F = Vault count percentage of total count
                 A         B        C        D         E       F
            +---------+---------+-------+---------+---------+-------
      Total |      58 |      15 |  20.5 |      29 |       3 |   9.4
            +---------+---------+-------+---------+---------+-------
        D:1 |      23 |       0 |   0.0 |      15 |       0 |   0.0
        D:2 |      21 |       0 |   0.0 |       8 |       0 |   0.0
        D:3 |      14 |      15 |  51.7 |       6 |       3 |  33.3
            +---------+---------+-------+---------+---------+-------
